 Dungeon Crawl Stone Soup version 0.27-a0-1347-gd8886f0a89 (webtiles) character file.

Game seed: 10089602398783701479

123 Brandom the Sneak (level 5, 0/42 HPs)
             Began as a Human Delver on June 27, 2021.
             Was a Follower of Trog.
             Slain by Grinder (4 damage)
             ... on level 4 of the Dungeon.
             The game lasted 00:08:45 (3568 turns).

Brandom the Sneak (Human Delver)                    Turns: 3568, Time: 00:08:46

Health: 0/42       AC:  3    Str: 11 (14) XL:     5   Next: 28%
Magic:  5/5        EV: 12    Int:  7 (10) God:    Trog [*.....]
Gold:   208        SH:  0    Dex: 13 (14) Spells: 4/4 levels left

rFire    . . .     SeeInvis .   j - +1 mace (drain)
rCold    . . .     Faith    .   (no shield)
rNeg     . . .     Spirit   .   b - +0 leather armour
rPois    .         Reflect  .   (no helmet)
rElec    .         Harm     .   (no cloak)
rCorr    .         Rampage  .   (no gloves)
Will     +....                  (no boots)
Stlth    +++.......             (no amulet)
HPRegen  0.14/turn              l - ring of willpower
MPRegen  0.09/turn              (no ring)

@: on berserk cooldown, flying
A: no striking features
a: Renounce Religion, Berserk


You were on level 4 of the Dungeon.
You worshipped Trog.
Trog was aware of your devotion.
You visited 1 branch of the dungeon, and saw 5 of its levels.

You collected 208 gold pieces.

Inventory:

Hand Weapons
 a - a +0 mace
 j - a +1 mace of draining (weapon)
   (You found it on level 5 of the Dungeon)
Armour
 b - a +0 leather armour (worn)
Jewellery
 l - a ring of willpower (left hand)
   (You found it on level 1 of the Dungeon)
 r - a +6 ring of intelligence
   (You found it on level 2 of the Dungeon)
Wands
 v - a wand of digging (3)
Scrolls
 c - a scroll of fog
 h - 2 scrolls of enchant armour {unknown}
 i - a scroll of fear
 k - 2 scrolls of teleportation {unknown}
 m - 2 scrolls of identify {unknown}
 n - 2 scrolls of amnesia {unknown}
 s - a scroll of noise {unknown}
Potions
 e - a potion of degeneration {!q}
 f - a potion of haste {@q3}
 g - a potion of flight
 p - a potion of cancellation {unknown}


   Skills:
 * Level 3.9 Fighting
 * Level 3.4 Maces & Flails
 + Level 1.5 Armour
 + Level 2.7 Dodging
 - Level 5.0 Stealth


You had 4 spell levels left.
You didn't know any spells.
Your spell library was empty.

Dungeon Overview and Level Annotations

Branches:
Dungeon (5/15)             Temple (0/1) D:4

Altars:
Trog
Vehumet
Zin

Shops:
D:3 [

Annotations:
D:4 Grinder, Pikel


Message History

* * * LOW HITPOINT WARNING * * *
You feel much better. Grinder gestures at you.
You resist with almost no effort. Grinder hits you!
* * * LOW HITPOINT WARNING * * *
You writhe in agony.
* * * LOW HITPOINT WARNING * * *
You sock Grinder! Grinder hits you.
* * * LOW HITPOINT WARNING * * *
Unknown command.
You closely miss Grinder. Grinder barely misses you. Grinder hits you.
* * * LOW HITPOINT WARNING * * *
You barely miss Grinder. Grinder hits you!
* * * LOW HITPOINT WARNING * * *
You writhe in agony.
* * * LOW HITPOINT WARNING * * *
Grinder barely misses you.
You hit Grinder but do no damage. Grinder hits you but does no damage.
Grinder hits you.
* * * LOW HITPOINT WARNING * * *
It was a potion of degeneration.
There was something very wrong with that liquid.
You feel weakened.
You feel dopey.
You feel clumsy.
e - a potion of degeneration;
i - a scroll of fear You feel the effects of Trog's Hand fading.
Grinder completely misses you.
You hit Grinder.
Grinder blinks!
Grinder hits you.
* * * LOW HITPOINT WARNING * * *
You writhe in agony.
* * * LOW HITPOINT WARNING * * *
You sock Grinder!
Grinder blinks!
Unknown command.
Okay, then.
It was a potion of flight.
You feel very buoyant.
You fly up into the air.
You feel yourself speed up.
Your skin stops crawling.
You feel less strong-willed. Grinder gestures at you.
You resist with some effort.
It was a potion of curing.
You feel better.
Grinder says, "Wait up."
You barely miss Grinder. Grinder gestures at you. You resist with some effort.
You completely miss Grinder. Grinder misses you.
You hit Grinder but do no damage. Grinder hits you!
* * * LOW HITPOINT WARNING * * *
You writhe in agony.
You die...

### ##.## #...##### #### ##*
##.......########..## ##.#*
#...........#.......#
#...####...@5..........#...#
#......<.........#.....##...
#.......###.....#...g.Z#...?
*****#....#.###..?...#..l#.......
*,*,*##.....##...........##...o..
*,,,,,#.......................#..
,,,,....................##....##.
,,,,.....##........#>#...#.......
*,,,.....*#).........#...........


You could see Grinder.

Vanquished Creatures
  3 adders
  A worm (D:2)
  A dart slug (D:1)
  An orc (D:3)
  6 ball pythons
  6 bats
  8 endoplasms
  5 giant cockroaches (D:2)
  5 goblins
  6 hobgoblins
  18 jackals
  3 quokkas
  3 frilled lizards
  6 kobolds
  2 rats
74 creatures vanquished.

Vanquished Creatures (others)
  12 plants (D:2)
12 creatures vanquished.

Grand Total: 86 creatures vanquished

Notes
Turn   | Place    | Note
-------+----------+-------------------------------------------
     0 | D:5      | Brandom the Human Delver began the quest for the Orb.
     0 | D:5      | Reached XP level 1. HP: 18/18 MP: 1/1
    28 | D:5      | Found a radiant altar of Vehumet.
    62 | D:5      | Noticed a howler monkey
    72 | D:5      | Noticed a jelly
    88 | D:5      | Noticed a two-headed ogre
    93 | D:5      | Noticed an ogre
   107 | D:4      | Noticed a lemure
   107 | D:4      | Noticed Pikel
   108 | D:4      | Noticed an iguana
   133 | D:4      | Noticed a hound
   311 | D:3      | Found a bloodstained altar of Trog.
   312 | D:3      | Found a glowing silver altar of Zin.
   316 | D:3      | Reached XP level 2. HP: 24/24 MP: 2/2
   324 | D:3      | Became a worshipper of Trog the Wrathful
   462 | D:3      | Found a faded altar of an unknown god.
   581 | D:3      | Reached XP level 3. HP: 22/29 MP: 3/3
   834 | D:2      | Reached skill level 1 in Armour
  1125 | D:1      | Reached XP level 4. HP: 34/35 MP: 4/4
  1185 | D:1      | Reached * piety under Trog
  2492 | D:2      | Reached XP level 5. HP: 42/42 MP: 5/5
  3139 | D:3      | Found Joketz's Antique Armour Shoppe.
  3228 | D:3      | Reached ** piety under Trog
  3525 | D:4      | Noticed Grinder
  3562 | D:4      | HP: 1/42 [Grinder (3)]
  3568 | D:4      | Slain by Grinder

Illustrated notes

Levels and vault maps discovered:
D:1:      onia_arrival_pyramid, layout_basic
D:2:      layout_loops_corners, columned_hall_lemuel, serial_bayou_ford_a
D:3:      layout_basic, amethyst_overflow_temple_binary,
          ebering_ecumenical_altar_box, serial_shops,
          nicolae_shop_temple_entry_statues_fountains
D:4:      layout_cave_pools, minmay_temple_entry_statues_fountains,
          cheibrodos_sewer_entry_drain, uniq_pikel, uniq_grinder
D:5:      layout_cave_pools, fiery_altar_vehumet, uniq_ijyb

Skill      XL: |  1  2  3  4 |
---------------+-------------+-----
Armour         | 1 |  1.5
Maces & Flails | 3 |  3.4
Fighting       | |  3.9
Dodging        | |  2.7
Stealth        | |  5.0

Action                   |  1- 3 |  4- 6 || total
-------------------------+-------+-------++-------
Melee: Mace              |    67 |   116 ||   183
Invok: Berserk           |       |     1 ||     1
       Trog's Hand       |       |     1 ||     1
  Use: Potion            |     1 |     4 ||     5
       Scroll            |       |     1 ||     1
 Stab: Sleeping          |     6 |    12 ||    18
Armor: Leather armour    |    31 |    21 ||    52
Dodge: Dodged            |    81 |    82 ||   163

Table legend: (Time is in decaauts)
 A = Elapsed time spent in this place.
 B = Non-inter-level travel time spent in this place.
 C = Inter-level travel time spent in this place.
 D = Time resting spent in this place.
 E = Time spent auto-exploring this place.
 F = Levels seen in this place.
 G = Mean time per level.
                   A        B        C        D        E       F      G
               +--------+--------+--------+--------+--------+-----+--------+
         Total |   3621 |   3524 |     97 |    460 |   2426 |   5 |  724.2 |
       Dungeon |   3621 |   3524 |     97 |    460 |   2426 |   5 |  724.2 |
               +--------+--------+--------+--------+--------+-----+--------+

Top non-repeatable levels by time:
     D:2: 1487 daAuts
     D:3: 1163 daAuts
     D:1: 773 daAuts
     D:5: 105 daAuts
     D:4: 91 daAuts
